 Dungeon Crawl Stone Soup version 0.29-a0-221-gceb61267dd (webtiles) character file.

Game seed: 11615633496297898548

2596 bande the Covered (level 9, -5/55 HPs)
             Began as a Gargoyle Fighter on Feb 27, 2022.
             Was a Believer of Okawaru.
             Slain by a yak (12 damage)
             ... on level 6 of the Dungeon.
             The game lasted 00:13:02 (7562 turns).

bande the Covered (Gargoyle Fighter)                Turns: 7562, Time: 00:13:02

Health: -5/55      AC: 23    Str: 23    XL:     9   Next: 59%
Magic:  11/11      EV:  6    Int:  8    God:    Okawaru [**....]
Gold:   339        SH:  5    Dex: 13    Spells: 8/8 levels left

rFire   . . .      SeeInvis +   a - +1 war axe
rCold   . . .      Faith    .   c - +0 buckler
rNeg    + . .      Spirit   .   h - +0 plate armour
rPois   ∞          Reflect  .   e - +2 helmet
rElec   +          Harm     .   (no cloak)
rCorr   .          Rampage  .   (no gloves)
Will    .....                   (no boots)
Stlth   ..........              (no amulet)
HPRegen 0.18/turn               s - ring of see invisible
MPRegen 0.12/turn               (no ring)

@: no status effects
A: sickness immunity, AC +6, negative energy resistance 1, electricity
resistance, torment resistance 1, petrification resistance, strong 1
a: Renounce Religion, Heroism


You were on level 6 of the Dungeon.
You worshipped Okawaru.
Okawaru was pleased with you.
You visited 2 branches of the dungeon, and saw 7 of its levels.

You collected 339 gold pieces.

Inventory:

Hand Weapons
 a - a +1 war axe (weapon)
 g - a +0 war axe
 l - a +0 flail
Armour
 c - a +0 buckler (worn)
 e - a +2 helmet (worn)
 h - a +0 plate armour (worn)
Jewellery
 n - an amulet of faith
 s - a ring of see invisible (left hand)
Wands
 k - a wand of paralysis (3)
 r - a wand of iceblast (14)
Scrolls
 i - a scroll of amnesia
 m - a scroll of fear
 p - a scroll of teleportation
 t - a scroll of identify
Potions
 b - 2 potions of cancellation
 d - a potion of might
 f - 3 potions of brilliance
 j - a potion of heal wounds {unknown}
 o - a potion of ambrosia
 q - a potion of curing


   Skills:
 + Level 5.7 Fighting
 + Level 7.2 Axes
 + Level 7.3 Armour
 + Level 4.7 Shields
 * Level 3.6 Invocations
 * Level 4.4 Evocations


You had 8 spell levels left.
You didn't know any spells.
Your spell library contained the following spells:

 Spells                   Type           Power      Damage    Failure   Level
 Ensorcelled Hibernation  Hex/Ice        0%         N/A       100%        2
 Spider Form              Tmut/Pois      0%         N/A       100%        3
 Anguish                  Hex/Necr       0%         N/A       100%        4
 Blade Hands              Tmut           0%         N/A       100%        5
 Iron Shot                Conj/Erth      0%         9d1       100%        6
 Summon Small Mammal      Summ           Unusable   N/A       N/A         1
 Call Canine Familiar     Summ           Unusable   N/A       N/A         3
 Summon Guardian Golem    Hex/Summ       Unusable   N/A       N/A         3
 Animate Armour           Summ/Erth      Unusable   N/A       N/A         4

Dungeon Overview and Level Annotations

Branches:
Dungeon (6/15)             Temple (1/1) D:4

Altars:
Ashenzari
Cheibriados
Dithmenos
Elyvilon
Gozag
Hepliaklqana
Kikubaaqudgha
Makhleb
Nemelex Xobeh
Okawaru
Sif Muna
Uskayaw
Vehumet
Xom
The Shining One


Innate Abilities, Weirdness & Mutations

You are immune to sickness and miasma.
Your stone body is resilient. (AC +6)
You are immune to poison.
You resist negative energy. (rN+)
You are resistant to electric shocks. (rElec)
You are resistant to unholy torment.
You are immune to petrification.
Your muscles are strong. (Str +2)


Message History

The yak is almost dead.
You slash the yak! You barely miss the yak. The yak gores you.
The yak gores you but does no damage. x3
You are too injured to fight recklessly!
You are too injured to fight recklessly!
Unknown command.
You hit the yak.
The yak is severely wounded.
You slash the yak! You hit the yak.
You kill the yak!
Okawaru accepts your kill. The yak closely misses you.
The yak gores you but does no damage.
You hit the yak.
The yak is severely wounded.
You hit the yak. You block the yak's attack. x2
The yak gores you but does no damage.
Unknown command.
You hit the yak.
The yak is almost dead.
You slash the yak! The yak gores you. You block the yak's attack.
You hit the yak.
The yak is almost dead.
You hit the yak. The yak barely misses you.
The yak gores you but does no damage.
Unknown command.
You hit the yak.
You kill the yak!
Okawaru is honoured by your kill.
You barely miss the yak. The yak gores you but does no damage.
The yak gores you!
* * * LOW HITPOINT WARNING * * *
The yak gores you!
* * * LOW HITPOINT WARNING * * *
You hit the yak.
The yak is severely wounded.
The yak gores you but does no damage.
You completely miss the yak.
The yak is severely wounded.
The yak gores you!
You die...

.###..####.#
..#......#.#
##.#..##.#.#
......##.#.#
#####......#
########...#
......####.## .
............#########...
.......###..##..@Y......
........................
.......###...#.......(..
#.....
....<.###....########...
..≈≈.≈ ......###....# ..
#.≈... #####.##.....# .
#.≈.## .........#...# ..
#.≈.#. .####...###..##
..y####.≈.#.
.##....#####..####
........≈.#.


You could see a yak.

Vanquished Creatures
  Pikel (D:3)
  Maggie (D:6)
  Sigmund (D:6)
  2 yaks (D:6)
  3 black bears
  A necrophage (D:5)
  An ogre (D:6)
  2 scorpions
  A bullfrog (D:6)
  6 killer bees (D:5)
  A vampire bat (D:4)
  A howler monkey (D:4)
  A crimson imp (D:4)
  3 jellies
  A hound (D:4)
  Jessica (D:3)
  3 iguanas
  Robin (D:2)
  7 gnolls
  4 adders
  A shadow imp (D:6)
  A white imp (D:4)
  An ufetubus (D:5)
  A worm (D:3)
  3 dart slugs
  9 orcs
  6 ball pythons
  6 endoplasms
  A giant cockroach (D:1)
  11 goblins
  7 hobgoblins
  4 jackals (D:5)
  5 quokkas
  10 bats
  2 frilled lizards
  2 kobolds
  A rat (D:1)
113 creatures vanquished.

Notes
Turn   | Place    | Note
-------+----------+-------------------------------------------
     0 | D:1      | bande the Gargoyle Fighter began the quest for the Orb.
     0 | D:1      | Reached XP level 1. HP: 14/14 MP: 1/1
   359 | D:1      | Reached XP level 2. HP: 19/19 MP: 2/2
   863 | D:1      | Found a faded altar of an unknown god.
  1221 | D:2      | Noticed Robin
  1237 | D:1      | Reached XP level 3. HP: 23/24 MP: 3/3
  1798 | D:2      | Killed Robin
  1900 | D:2      | Reached XP level 4. HP: 19/29 MP: 4/4
  2390 | D:2      | Found a shimmering blue altar of Sif Muna.
  2732 | D:3      | Noticed Jessica
  2738 | D:3      | Killed Jessica
  2739 | D:3      | Reached XP level 5. HP: 31/33 MP: 5/5
  2790 | D:3      | Gained mutation: Your muscles are strong. (Str +2) [potion
                  | of mutation]
  2899 | D:3      | Found a snail-covered altar of Cheibriados.
  3189 | D:4      | Noticed a black bear
  3198 | D:4      | Killed a black bear
  3199 | D:4      | Reached skill level 1 in Evocations
  3199 | D:4      | Reached XP level 6. HP: 35/38 MP: 6/6
  3710 | D:4      | Noticed Pikel
  3853 | D:3      | Killed Pikel
  3854 | D:3      | Reached skill level 5 in Axes
  3854 | D:3      | Reached skill level 5 in Armour
  3854 | D:3      | Reached XP level 7. HP: 9/44 MP: 7/7
  4488 | D:4      | Found a staircase to the Ecumenical Temple.
  4499 | Temple   | Entered the Ecumenical Temple
  4814 | D:4      | Found an ancient bone altar of Kikubaaqudgha.
  5019 | D:5      | Entered Level 5 of the Dungeon
  5025 | D:5      | Reached XP level 8. HP: 47/48 MP: 8/8
  5280 | D:5      | Found a glowing golden altar of the Shining One.
  5614 | D:5      | Found an iron altar of Okawaru.
  5624 | D:5      | Became a worshipper of Warmaster Okawaru
  5717 | D:5      | Reached skill level 5 in Fighting
  5717 | D:5      | Reached skill level 1 in Invocations
  6090 | D:6      | Found a broken altar of Ashenzari.
  6094 | D:6      | Noticed Maggie
  6098 | D:6      | Noticed a yak
  6731 | D:5      | Reached * piety under Okawaru
  6909 | D:6      | Killed Maggie
  6910 | D:6      | Reached XP level 9. HP: 38/54 MP: 10/10
  7015 | D:6      | Noticed Sigmund
  7024 | D:6      | Killed Sigmund
  7321 | D:6      | Found a sparkling altar of Nemelex Xobeh.
  7337 | D:6      | Found Pilacva's Armour Boutique.
  7348 | D:6      | Reached ** piety under Okawaru
  7562 | D:6      | Slain by a yak

Illustrated notes

Levels and vault maps discovered:
D:1:      psy_arrival_terrarium, layout_basic, chequers_ecumenical_altar_island,
          due_unseen_surprise
D:2:      layout_rooms, basic_altar, minivault_5, minmay_tetromino_s2,
          uniq_robin
D:3:      layout_rooms, cheibriados_altar_1, uniq_jessica
D:4:      layout_rooms, mainiacjoe_overflow_concentric_impassable,
          minmay_temple_entry_sparse_star, roderic_batcave,
          minmay_fire_ice_demons, uniq_pikel
D:5:      layout_loops_cross, okawaru_gym_becter, lemuel_doored_altar
D:6:      layout_loops_cross, mainiacjoe_overflow_brackets,
          mainiacjoe_overflow_24_doors, nemelex_diamond_rough_becter,
          serial_shops, shop, uniq_maggie, uniq_sigmund
Temple:   dpeg_three_leaves_temple

Skill      XL: |  1  2  3  4  5  6  7  8  9 |
---------------+----------------------------+-----
Axes           | 2 3 5 6 7 |  7.2
Armour         | 4 5 6 7 |  7.3
Fighting       | 4 5 |  5.7
Evocations     | 1 2 3 4 |  4.4
Shields        | 4 |  4.7
Invocations    | 2 3 |  3.6

Action                   |  1- 3 |  4- 6 |  7- 9 || total
-------------------------+-------+-------+-------++-------
Melee: War axe           |    68 |   104 |   240 ||   412
  Use: Scroll            |     4 |     5 |     5 ||    14
       Potion            |       |     1 |     2 ||     3
Armor: Scale mail        |     7 |       |       ||     7
       Plate armour      |    58 |   103 |   243 ||   404
Dodge: Dodged            |    17 |    27 |    92 ||   136
Block: Buckler           |    18 |    26 |    66 ||   110

Table legend: (Time is in decaauts)
 A = Elapsed time spent in this place.
 B = Non-inter-level travel time spent in this place.
 C = Inter-level travel time spent in this place.
 D = Time resting spent in this place.
 E = Time spent auto-exploring this place.
 F = Levels seen in this place.
 G = Mean time per level.
                   A        B        C        D        E       F      G
               +--------+--------+--------+--------+--------+-----+--------+
         Total |   7710 |   7642 |     68 |   3239 |   3084 |   7 | 1101.4 |
       Dungeon |   7627 |   7559 |     68 |   3239 |   3026 |   6 | 1271.2 |
        Temple |     82 |     82 |      0 |      0 |     58 |   1 |   82.0 |
               +--------+--------+--------+--------+--------+-----+--------+

Top non-repeatable levels by time:
     D:5: 1942 daAuts
     D:1: 1900 daAuts
     D:3: 1627 daAuts
     D:2: 882 daAuts
     D:6: 649 daAuts
     D:4: 625 daAuts
  Temple: 82 daAuts
